 Dungeon Crawl Stone Soup version 0.30-a0-613-gdd512c7efb (webtiles) character file.

Game seed: 13833335591576897868

2 jfcaron the Sneak (level 1, 0/20 HPs)
             Began as a Hill Orc Delver on Jan 8, 2023.
             Succumbed to an orc's poison
             ... on level 3 of the Dungeon.
             The game lasted 00:00:58 (85 turns).

jfcaron the Sneak (Hill Orc Delver)                   Turns: 85, Time: 00:00:58

Health: 0/20       AC:  3    Str: 14    XL:     1   Next: 30%
Magic:  1/1        EV: 11    Int: 10    God:
Gold:   22         SH:  0    Dex: 12    Spells: 0/0 levels left

rFire   + . .      SeeInvis .    a - +0 hand axe
rCold   . . .      Faith    .    (no shield)
rNeg    . . .      Spirit   .    b - +0 leather armour
rPois   .          Reflect  .    (no helmet)
rElec   .          Harm     .    (no cloak)
rCorr   .          Rampage  .    (no gloves)
Will    .....                    (no boots)
Stlth   ++                       (no amulet)
HPRegen 0.23/turn                j - ring of protection from fire
MPRegen 0.07/turn                (no ring)

@: lethally poisoned (0 -> -13)
A: no striking features
a: no special abilities


You were on level 3 of the Dungeon.
You visited 1 branch of the dungeon, and saw 3 of its levels.

You collected 22 gold pieces.

Inventory:

Hand Weapons
 a - a +0 hand axe (weapon)
Armour
 b - a +0 leather armour (worn)
Jewellery
 j - a ring of protection from fire (left hand)
   (You found it on level 4 of the Dungeon)
Wands
 g - a wand of digging (3)
 i - a wand of polymorph (8)
Scrolls
 c - a scroll of fog
 d - a scroll of magic mapping
 e - a scroll of fear
Potions
 f - a potion of haste
 h - a potion of degeneration {unknown}


   Skills:
 + Level 3.6 Fighting
 + Level 2.8 Axes
 + Level 1.6 Dodging
 - Level 4.1 Stealth


You couldn't memorise any spells.
You didn't know any spells.
Your spell library was empty.

Dungeon Overview and Level Annotations

Branches:
Dungeon (5/15)
 Temple: D:4-7

Altars:

Annotations:
D:3 exclusion: adder
D:4 Dowan, Duvessa


Message History

You hit the goblin.
The goblin is moderately wounded.
The goblin barely misses you.
You slash the goblin!
You kill the goblin!
j - a ring of protection from fire
j - a ring of protection from fire (left hand)
A hobgoblin comes into view.
Duvessa and Dowan come into view.
Duvessa is wielding a +1 short sword of venom.
Dowan shouts!
Dowan moves out of view.
There is a stone staircase leading up here.
You climb upwards.
Found a stone staircase leading down.
There is a stone staircase leading down here.
The quokka bites you but does no damage.
You slash the quokka!
You kill the quokka!
You now have 22 gold pieces (gained 8).
A bat comes into view.
An orc comes into view. It is wielding a +0 hand axe of venom.
You see here a wand of roots (8).
Found a stone staircase leading down.
You barely miss the orc.
The orc hits you with a +0 hand axe of venom.
You are poisoned.
You slash the orc!
The orc is almost dead.
You feel very sick.
The orc hits you with a +0 hand axe of venom.
You barely miss the orc.
The orc is almost dead.
You feel sick.
The orc hits you with a +0 hand axe of venom.
* * * LOW HITPOINT WARNING * * *
You are more poisoned.
You hit the orc but do no damage.
The orc is almost dead.
You die...

..#.## ..# ...⌠..##
##.#..#.#.#
......+##..#..#.... .
#.#..PP..#...#....#.#
...#.#.P≈~P.............
...#.#..PP.............>
>..#.##......##.....$...
...#.#...###.#/.@o.$....
.............../........
........####.##$........
.......$####.##..!......
..........##.#..........
.†........##.#..........
...>................(...
..........##..#..?......
.............b


You could see an orc.

Vanquished Creatures
  A quokka (D:3)
  A goblin (D:4)
2 creatures vanquished.

Notes
Turn   | Place    | Note
-------+----------+-------------------------------------------
     0 | D:5      | jfcaron the Hill Orc Delver began the quest for the Orb.
     0 | D:5      | Reached XP level 1. HP: 19/19 MP: 1/1
    55 | D:4      | Noticed Duvessa
    55 | D:4      | Noticed Dowan
    84 | D:3      | HP: 4/20 [orc/+0 hand axe of venom (4)]
    85 | D:3      | Succumbed to an orc's poison

Illustrated notes

Levels and vault maps discovered:
D:3:      layout_rooms, tso_oasis_becter
D:4:      layout_cave_pools, lemuel_round_altar, kennysheep_little_box,
          temple_green, uniq_ijyb, uniq_duvessa
D:5:      layout_gridville, uniq_blork_the_orc

Action                   || total
-------------------------++-------
Melee: Hand axe          ||     7
 Stab: Sleeping          ||     1
Armor: Leather armour    ||     1
Dodge: Dodged            ||     1

Table legend: (Time is in decaauts)
 A = Elapsed time spent in this place.
 B = Non-inter-level travel time spent in this place.
 C = Inter-level travel time spent in this place.
 D = Time resting spent in this place.
 E = Time spent auto-exploring this place.
 F = Levels seen in this place.
 G = Mean time per level.
                   A        B        C        D        E       F      G
               +--------+--------+--------+--------+--------+-----+--------+
         Total |     85 |     78 |      7 |      0 |     10 |   3 |   28.3 |
       Dungeon |     85 |     78 |      7 |      0 |     10 |   3 |   28.3 |
               +--------+--------+--------+--------+--------+-----+--------+

Top non-repeatable levels by time:
     D:4: 49 daAuts
     D:3: 21 daAuts
     D:5: 14 daAuts

Table legend:
 A = Kills in this place as a percentage of kills in entire the game.
 B = Kills by you in this place as a percentage of kills by you in the entire game.
 C = Kills by friends in this place as a percentage of kills by friends in the entire game.
 D = Other kills in this place as a percentage of other kills in the entire game.
 E = Experience gained in this place as a percentage of experience gained in the entire game.
 F = Experience gained in this place divided by the number of levels of this place that you have seen.
                   A       B       C       D       E      F
               +-------+-------+-------+-------+-------+----------------------
         Total | 100.0 | 100.0 |   N/A |   N/A | 100.0 |   1.0
       Dungeon | 100.0 | 100.0 |   N/A |   N/A | 100.0 |   1.0
               +-------+-------+-------+-------+-------+----------------------
